 Dungeon Crawl Stone Soup version 0.17.0-28-g6e173f8 (webtiles) character file.

138249 cmdexe the Fighter (level 16, -1/134 HPs)
             Began as a Demonspawn Fighter on Nov 28, 2015.
             Was the Champion of Okawaru.
             Slain by an emperor scorpion (6 damage)
             ... on level 4 of the Spider Nest on Nov 29, 2015.
             The game lasted 01:36:11 (28425 turns).

cmdexe the Fighter (Demonspawn Fighter)            Turns: 28425, Time: 01:36:12

Health: -1/134     AC: 34    Str: 21 (24) XL:     16   Next: 70%
Magic:  0/23       EV: 14    Int:  8      God:    Okawaru [******]
Gold:   1707       SH: 13    Dex: 23 (25) Spells: 1 memorised, 14 levels left

rFire  + . .     SeeInvis .     n - +7 demon whip (slash)
rCold  . . .     Rnd*Rage +     i - +2 plate armour {rPois}
rNeg   . . .     SustAt   .     j - +1 shield "Kiytheuv" {Regen+}
rPois  +         Gourm    .     C - +2 hat of Fusocsis {Dex+2}
rElec  .         Spirit   .     M - +2 cloak
rCorr  .         Warding  .     F - +1 pair of gloves of the Bulwark {Str+4}
rMut   .         Stasis   .     (boots unavailable)
MR     ++...                    A - amulet of regeneration
Stlth  ..........               J - +5 ring of protection
                                g - ring of protection from magic

@: agile, lethally poisoned (-1 -> -8), exhausted, about to teleport, slowed,
very slow, very resistant to hostile enchantments, extremely unstealthy
A: talons 3, molten scales 3, agile 1, berserk 1, demonic guardian 1, dopey 2,
low mp 1, powered by pain 1, spit poison 1, strong 1, augmentation 1
a: Spit Poison, Heroism, Finesse, Renounce Religion


You were on level 4 of the Spider Nest.
You worshipped Okawaru.
Okawaru was exalted by your worship.
You were not hungry.

You visited 5 branches of the dungeon, and saw 28 of its levels.
You also visited: Labyrinth and Ice Cave.

You collected 3220 gold pieces.
You spent 1513 gold pieces at shops.

Inventory:

Hand Weapons
 a - the +9 great mace "Spiderslayer" {drain, rElec SInv}
   (You bought it in a shop on level 4 of the Orcish Mines)

   A truly terrible weapon, it drains the life of those it strikes.
   It insulates you from electricity.
   It lets you see invisible.
 k - the +7 morningstar "Ewivuk" {crush, rElec rF+ rC- MR+}
   (You found it in an ice cave)

   It inflicts extra damage upon your enemies.
   It protects you from fire.
   It makes you vulnerable to cold.
   It insulates you from electricity.
   It affects your resistance to hostile enchantments.
 n - a +7 demon whip of slashing (weapon)
 x - the +7 eveningstar "Ravvy" {freeze, rPois Str+2}
   (Okawaru gifted it to you on level 2 of the Spider Nest)

   It has been specially enchanted to freeze those struck by it, causing extra
   injury to most foes and up to half again as much damage against particularly
   susceptible opponents.
   It can also slow down cold-blooded creatures.
   It affects your strength (+2).
   It protects you from poison.
Armour
 c - the +3 crown of Dyrovepreva {rElec Int+2 SInv}
   (You found it in an ice cave)

   It affects your intelligence (+2).
   It insulates you from electricity.
   It lets you see invisible.
 e - the +1 pair of gloves of Satisfaction {rF+ MP-9 Dex+2}
   (You bought it in a shop on level 4 of the Orcish Mines)

   It affects your dexterity (+2).
   It protects you from fire.
   It affects your magic capacity (-9).
 i - a +2 plate armour of poison resistance (worn)
 j - the +1 shield "Kiytheuv" (worn) {Regen+}
   (You took it off Asterion on level 2 of the Spider Nest)

   It increases your rate of regeneration.
 C - the +2 hat of Fusocsis (worn) {Dex+2}
   (Okawaru gifted it to you on level 3 of the Lair of Beasts)

   It affects your dexterity (+2).
 F - the +1 pair of gloves of the Bulwark (worn) {Str+4}
   (You found it on level 6 of the Dungeon)

   It affects your strength (+4).
 G - a +0 ice dragon armour
 M - a +2 cloak (worn)
Rods
 Z - a +0 lightning rod (12/12)
   (You found it in a labyrinth)
Jewellery
 g - a ring of protection from magic (left hand)
 h - an uncursed ring of positive energy
 s - a +3 ring of dexterity
 u - an uncursed amulet of warding
 A - an amulet of regeneration (around neck)
 J - a +5 ring of protection (right hand)
 Q - an uncursed amulet of resist mutation
Wands
 b - a wand of hasting (4)
 d - a wand of teleportation (6)
 m - a wand of fireball (10)
 w - a wand of disintegration (15)
 N - a wand of fire (7)
 U - a wand of digging (16)
 V - a wand of hasting (4)
 W - a wand of lightning (5)
Scrolls
 f - 4 scrolls of identify
 q - 5 scrolls of teleportation
 t - 15 scrolls of remove curse
 v - 2 scrolls of fear
 y - 2 scrolls of recharging
 D - a scroll of magic mapping
 E - 2 scrolls of amnesia
 T - 2 scrolls of summoning
 Y - a scroll of blinking
Potions
 l - a potion of flight
 o - 2 potions of agility
 p - 2 potions of brilliance
 B - 13 potions of curing
 H - 4 potions of haste
 I - a potion of cancellation
 O - 2 potions of berserk rage
 S - a potion of invisibility
Comestibles
 r - 4 meat rations
 z - 5 bread rations
 X - 9 royal jellies


   Skills:
 * Level 14.7 Fighting
   Level 12.2(14.6) Axes
 * Level 13.5(15.2) Maces & Flails
 * Level 11.0 Armour
 + Level 6.6 Dodging
 - Level 2.4 Stealth
 - Level 7.2 Shields
 * Level 12.7 Invocations
 - Level 0.2 Evocations


You had 14 spell levels left.
You knew the following spells:

 Your Spells              Type           Power        Failure   Level  Hunger
a - Animate Skeleton      Necr           N/A          100%        1    ##.....


Dungeon Overview and Level Annotations

Branches:
Dungeon (11/15)            Temple (1/1) D:6            Lair (8/8) D:9
 Shoals (0/4) Lair:5       Spider (4/4) Lair:3        Slime (0/6) Lair:8
    Orc (4/4) D:11            Elf (0/3) Orc:4

Altars:
Ashenzari
Cheibriados
Dithmenos
Elyvilon
Fedhas
Gozag
Kikubaaqudgha
Makhleb
Nemelex Xobeh
Okawaru
Qazlal
Ru
Sif Muna
Trog
Vehumet
Xom
Yredelemnul
Zin
The Shining One
Beogh
Jiyva

Shops:
D:6 *   D:7 =   D:8 [   Orc:1 :[?!   Orc:2 :   Orc:4 (:[*

Portals:
Hell: Lair:8


Innate Abilities, Weirdness & Mutations

You have claws for feet.
You are completely covered in molten scales (AC +4, EV -1, rF+).
A weak demonic guardian rushes to your aid.
You sometimes gain a little power by taking damage.
Your magical and physical power is slightly enhanced at high health.
You are agile. (Dex +2)
You tend to lose your temper in combat.
You are very dopey. (Int -4)
Your magical capacity is low (-10% MP).
You can spit weak poison.
Your muscles are strong. (Str +2)


Message History

The wolf spider hits you but does no damage.
You block the wolf spider's attack.
You closely miss the emperor scorpion. You claw the emperor scorpion.
The emperor scorpion is heavily wounded.
You feel sick.
Unknown command.
You are no longer berserk.
You are exhausted.
You feel yourself slow down.
You feel sick.
Unknown command.
Read which item? (? for menu, Esc to quit)
As you read the scroll of teleportation, it crumbles to dust.
You feel strangely unstable.
You feel very sick. The wolf spider barely misses you. x2
The emperor scorpion stings you.
* * * LOW HITPOINT WARNING * * *
The emperor scorpion claws you but does no damage.
The emperor scorpion claws you.
You die...

#..#,,##≈..##..<.
#.≈#,,≈#≈.≈###.#.
##.##,≈,#≈...##...
#..#,,≈,##...##...
##..#,≈≈,≈#≈.###...
#..##,≈≈,,#.^# #.†.
#≈^#≈,≈≈,,*,,* ##^.
#..#,,≈,≈.*,,** #..
#.@##,≈φ≈.*,,≈* ##.
#sss#\≈≈≈!*,,≈* #.
##.s..≈≈.#*,,** ##
#†.s....#,,,* #
##≈....^#,≈,*
#.≈≈..≈#,≈,*
#...#≈##,≈,*
##≈≈#.#,,,,*
*#.#*#,,,,*


You could see an emperor scorpion, a wolf spider, an orb spider and 2 trapdoor
spiders.

Vanquished Creatures
  Mara (Spider:3)
  An Ice Fiend (IceCv)
  Asterion (Spider:2)
  The ghost of hadoken the Eclecticist, an adept DECj of Vehumet (Spider:4)
  2 ghost moths
  An orc warlord (Orc:4)
  6 emperor scorpions
  3 dire elephants (Lair:8)
  A minotaur (Lab)
  An entropy weaver (Spider:3)
  The ghost of Nicoed the Transmogrifier, a journeyman DrTm of Makhleb (Lab)
  6 hydras
  An anaconda (Lair:6)
  A queen ant (Spider:3)
  An orc high priest (Orc:4)
  12 death yaks
  A sun demon (Lair:8)
  Urug (D:11)
  5 ice devils (IceCv)
  2 hill giants
  A wizard (Lair:8)
  4 orc knights
  4 orc sorcerers
  21 wolf spiders
  2 cyclopes
  4 orb spiders
  4 griffons
  A manticore (D:11)
  3 centaur zombies
  3 moths of wrath
  A siren (Lair:5)
  A sixfirhy (Lair:8)
  13 black mambas
  14 elephants
  4 ice statues (IceCv)
  4 torpor snails
  3 orange demons (Lair:8)
  A smoke demon (Lair:8)
  11 spiny frogs
  7 komodo dragons
  7 demonic crawlers
  11 blue devils
  4 trolls
  A golden dragon simulacrum (IceCv)
  A polar bear (Lair:7)
  2 red devils (Lair:8)
  3 fire drakes
  5 anaconda simulacra (IceCv)
  A fire drake (shapeshifter) (D:6)
  A queen bee (D:10)
  22 jumping spiders
  12 blink frogs
  4 boulder beetles
  49 redbacks
  4 wyverns
  19 trapdoor spiders
  A basilisk (Lair:8)
  21 tarantellas
  A dire elephant simulacrum (IceCv)
  16 hippogriffs
  5 wargs
  A hungry ghost (D:10)
  A harpy simulacrum (IceCv)
  39 yaks
  18 soldier ants (Spider:3)
  2 hydra simulacra (IceCv)
  18 water moccasins
  31 orc warriors
  11 spiders
  3 sky beasts
  A hell hound (Lair:8)
  13 ogres
  An ice beast (D:7)
  4 porcupines
  8 centaurs
  2 necrophages (D:9)
  20 crocodiles
  11 giant frogs
  2 scorpions
  31 killer bees
  5 crimson imps
  4 troll skeletons (Lab)
  2 electric eels
  A centaur skeleton (D:6)
  6 hounds
  2 giant frog zombies
  A giant frog skeleton (D:10)
  4 jellies
  18 orc priests
  30 orc wizards
  31 worker ants
  8 iguanas
  4 sheep (Lair:6)
  A killer bee zombie (D:9)
  A worker ant zombie (D:7)
  14 gnolls
  11 adders
  55 river rats
  A shadow imp (D:9)
  12 white imps (Spider:4)
  5 oozes
  3 adder skeletons
  2 worms (D:2)
  168 orcs
  5 giant cockroaches
  7 goblins
  5 hobgoblins
  9 kobolds
  6 quokkas
  7 bats
  2 giant geckos (D:3)
  3 giant newts
  18 jackals
  A jackal skeleton (D:9)
  A quokka zombie (D:6)
  8 rats
  A butterfly (Lair:3)
  A plant (Lair:3)
1025 creatures vanquished.

Vanquished Creatures (collateral kills)
  Pikel (D:4)
  An orb spider (Spider:4)
  An elephant (Lair:7)
  A spiny frog (Lair:1)
  2 centaur skeletons
  A fire drake (D:9)
  A two-headed ogre (D:10)
  4 yaks
  2 water moccasins
  An orc warrior (D:7)
  2 ogres
  A crocodile (Lair:8)
  2 centaurs
  3 giant frogs
  A scorpion (D:7)
  A killer bee (D:10)
  2 worker ants
  2 orc wizards
  2 adders
  A gnoll (D:3)
  2 river rats
  5 orcs
  A giant newt (D:7)
40 creatures vanquished.

Vanquished Creatures (others)
  2 worker ants (Spider:3)
  An adder skeleton (D:4)
  A quokka (D:4)
  A giant newt (D:4)
  3 bushes
  A fulminant prism (Spider:4)
  21 fungi
  5 plants
35 creatures vanquished.

Grand Total: 1100 creatures vanquished

Notes
Turn   | Place    | Note
--------------------------------------------------------------
     0 | D:1      | cmdexe the Demonspawn Fighter began the quest for the Orb.
     0 | D:1      | Reached XP level 1. HP: 18/18 MP: 1/1
   354 | D:1      | Gained mutation: You are partially covered in molten scales (AC +1). [demonic ancestry]
   354 | D:1      | Reached XP level 2. HP: 24/24 MP: 2/2
   865 | D:2      | Reached XP level 3. HP: 26/29 MP: 3/3
  1083 | D:2      | Gained mutation: A weak demonic guardian rushes to your aid. [demonic ancestry]
  1083 | D:2      | Reached XP level 4. HP: 11/36 MP: 4/4
  1681 | D:2      | Reached skill level 1 in Dodging
  2556 | D:3      | Gained mutation: You are mostly covered in molten scales (AC +3, EV -1). [demonic ancestry]
  2556 | D:3      | Reached XP level 5. HP: 38/42 MP: 5/5
  3465 | D:4      | Found a shimmering altar of Xom.
  3557 | D:4      | Noticed a slave
  3558 | D:4      | Noticed a slave
  3560 | D:4      | Noticed Pikel
  3562 | D:4      | Noticed a slave
  3565 | D:4      | Noticed a slave
  3600 | D:4      | Killed Pikel
  3600 | D:4      | Reached skill level 4 in Fighting
  3600 | D:4      | Gained mutation: You have sharp toenails. [demonic ancestry]
  3600 | D:4      | Reached XP level 6. HP: 10/49 MP: 6/6
  3600 | D:4      | Gained mutation: You are completely covered in molten scales (AC +4, EV -1, rF+). [demonic ancestry]
  3600 | D:4      | Reached XP level 7. HP: 11/55 MP: 7/7
  4188 | D:4      | Found a bloodstained altar of Trog.
  4193 | D:4      | Found an opulent altar of Gozag.
  4290 | D:5      | Entered Level 5 of the Dungeon
  4583 | D:5      | Found a radiant altar of Vehumet.
  4590 | D:5      | Found a sparkling altar of Nemelex Xobeh.
  5149 | D:6      | Reached skill level 1 in Stealth
  5251 | D:6      | Found a staircase to the Ecumenical Temple.
  5273 | D:6      | Gained mutation: You have razor-sharp toenails. [demonic ancestry]
  5273 | D:6      | Reached XP level 8. HP: 55/61 MP: 8/8
  5298 | Temple   | Entered the Ecumenical Temple
  5355 | Temple   | Became a worshipper of Warmaster Okawaru
  5385 | D:6      | Found Iteadec's Assorted Antiques.
  5419 | D:6      | Bought 3 scrolls labeled TEAMOYSEFA for 78 gold pieces
  5419 | D:6      | Bought a blackened platinum amulet for 130 gold pieces
  5419 | D:6      | Bought a scroll of identify for 52 gold pieces
  5419 | D:6      | Bought a puce potion for 23 gold pieces
  5419 | D:6      | Bought a ruby potion for 23 gold pieces
  5480 | D:6      | Reached skill level 5 in Fighting
  5754 | D:6      | Got a pair of heavily runed gloves
  5763 | D:6      | Identified the +1 pair of gloves of the Bulwark {Str+4} (You found it on level 6 of the Dungeon)
  5783 | D:6      | Noticed a spriggan
  5787 | D:6      | Noticed a fire drake
  5791 | D:6      | Killed a fire drake
  5791 | D:6      | Reached skill level 5 in Shields
  5830 | D:6      | Reached skill level 5 in Axes
  5835 | D:6      | Gained mutation: You are dopey. (Int -2) [mutagenic meat]
  5836 | D:6      | Gained mutation: Your magical capacity is low (-10% MP). [mutagenic meat]
  6197 | D:7      | Found Abannile's Jewellery Shoppe.
  6209 | D:7      | Reached * piety under Okawaru
  6235 | D:7      | Reached XP level 9. HP: 23/69 MP: 8/8
  6672 | D:7      | Reached skill level 5 in Armour
  6830 | D:7      | Noticed a cyclops
  6844 | D:7      | Killed a cyclops
  6844 | D:7      | Reached ** piety under Okawaru
  6844 | D:7      | Reached skill level 6 in Fighting
  7657 | D:8      | Found Paehair's Armour Boutique.
  7827 | D:8      | Found a white marble altar of Elyvilon.
  7912 | D:8      | Reached skill level 7 in Shields
  8074 | D:8      | Reached *** piety under Okawaru
  8110 | D:9      | Noticed a fire drake
  8111 | D:9      | Found a staircase to the Lair.
  8130 | D:9      | Killed a fire drake
  8130 | D:9      | Reached XP level 10. HP: 71/77 MP: 9/9
  8333 | D:8      | Bought a +2 buckler of protection for 258 gold pieces
  8428 | D:9      | Reached skill level 5 in Dodging
  8555 | D:9      | Found a glowing golden altar of the Shining One.
  8983 | D:9      | Got a pitted war axe
  8984 | D:9      | Identified the cursed +1 war axe "Grim" {chop, rPois MR+ MP+9} (You found it on level 9 of the Dungeon)
  9016 | D:10     | Entered Level 10 of the Dungeon
  9038 | D:10     | Reached skill level 1 in Invocations
  9050 | D:10     | Noticed a hill giant
  9068 | D:10     | Killed a hill giant
  9193 | D:10     | Reached skill level 8 in Axes
  9198 | D:10     | Reached **** piety under Okawaru
  9699 | D:10     | Reached skill level 9 in Axes
  9863 | D:10     | Found a viscous altar of Jiyva.
 10157 | D:10     | Learned a level 1 spell: Animate Skeleton
 10339 | D:10     | Reached ***** piety under Okawaru
 10377 | D:10     | Gained mutation: You sometimes gain a little power by taking damage. [demonic ancestry]
 10377 | D:10     | Reached XP level 11. HP: 76/84 MP: 12/12
 10456 | D:11     | Received a gift from Okawaru
 10810 | D:11     | Found a staircase to the Orcish Mines.
 10839 | D:11     | Reached skill level 10 in Axes
 10882 | D:11     | Noticed Urug
 10882 | D:11     | Noticed a hill giant
 10891 | D:11     | Killed a hill giant
 10898 | D:11     | Killed Urug
 11014 | Orc:1    | Entered Level 1 of the Orcish Mines
 11027 | Orc:1    | Found Taapafas's Distillery.
 11034 | Orc:1    | Reached skill level 5 in Invocations
 11447 | Orc:2    | Found Ovybla Gune's Book Shoppe.
 11903 | Orc:1    | Found Egitut's Armour Shoppe.
 11925 | Orc:1    | Found Liokhlete's Book Emporium.
 11928 | Orc:1    | Found Jiops's Magic Scroll Boutique.
 11982 | Orc:1    | Bought a +0 helmet for 58 gold pieces
 12012 | Orc:1    | Bought a scroll of blinking for 105 gold pieces
 12012 | Orc:1    | Bought a scroll of identify for 28 gold pieces
 12012 | Orc:1    | Bought a scroll of identify for 28 gold pieces
 12012 | Orc:1    | Bought a scroll of identify for 28 gold pieces
 12012 | Orc:1    | Bought a scroll of identify for 28 gold pieces
 12108 | Orc:4    | Entered Level 4 of the Orcish Mines
 12150 | Orc:4    | Noticed an orc high priest
 12165 | Orc:4    | Killed an orc high priest
 12165 | Orc:4    | Reached skill level 11 in Axes
 12175 | Orc:4    | Received a gift from Okawaru
 12181 | Orc:4    | Noticed an orc warlord
 12193 | Orc:4    | Gained mutation: You have claws for feet. [demonic ancestry]
 12193 | Orc:4    | Reached XP level 12. HP: 33/94 MP: 15/15
 12199 | Orc:4    | Killed an orc warlord
 12212 | Orc:4    | Found a roughly hewn altar of Beogh.
 12216 | Orc:4    | Found Doxtaexo's Antique Weapon Shop.
 12360 | Orc:4    | Found a staircase to the Elven Halls.
 12574 | Orc:4    | Reached skill level 12 in Axes
 12876 | Orc:4    | Found Gaiz Aru's Book Shop.
 12905 | Orc:4    | Found Urphache's Antique Armour Shop.
 12921 | Orc:4    | Found Xegaopsu's General Store.
 12944 | Orc:4    | Bought a fine great mace for 322 gold pieces
 12968 | Orc:4    | Bought a pair of dazzling gloves for 247 gold pieces
 12978 | Orc:4    | Identified the +1 pair of gloves of Satisfaction {rF+ MP-9 Dex+2} (You bought it in a shop on level 4 of the Orcish Mines)
 13004 | Orc:4    | Bought a scroll of enchant weapon for 75 gold pieces
 13204 | Orc:4    | Identified the +9 great mace "Spiderslayer" {drain, rElec SInv} (You bought it in a shop on level 4 of the Orcish Mines)
 13217 | Orc:4    | Bought a scroll of teleportation for 30 gold pieces
 13578 | Orc:3    | Reached skill level 1 in Maces & Flails
 13938 | Orc:3    | Paralysed by an orc sorcerer for 7 turns
 14378 | Lair:1   | Entered Level 1 of the Lair of Beasts
 14414 | Lair:1   | Received a gift from Okawaru
 15359 | Lair:1   | Reached skill level 10 in Fighting
 15567 | Lair:2   | Reached XP level 13. HP: 86/103 MP: 17/17
 15659 | Lair:2   | Identified a scroll of acquirement
 16662 | Lair:3   | Found a hole to the Spider Nest.
 16668 | Lair:3   | Reached ****** piety under Okawaru
 16742 | Lair:3   | Found a labyrinth entrance.
 16752 | Lab      | Entered a labyrinth
 16824 | Lab      | Noticed Nicoed's ghost (journeyman DrTm)
 16843 | Lab      | Killed Nicoed's ghost
 17260 | Lab      | Reached skill level 5 in Maces & Flails
 18015 | Lair:3   | Received a gift from Okawaru
 18216 | Lair:3   | Got a dazzling hat {god gift}
 18228 | Lair:3   | Identified the +2 hat of Fusocsis {Dex+2} (Okawaru gifted it to you on level 3 of the Lair of Beasts)
 19252 | Lair:5   | Found a runed door.
 19525 | Lair:5   | Found a staircase to the Shoals.
 20622 | Lair:6   | Reached skill level 10 in Invocations
 20622 | Lair:6   | Reached XP level 14. HP: 102/114 MP: 19/19
 21037 | Lair:6   | Gained mutation: You are agile. (Dex +2) [potion of mutation]
 21037 | Lair:6   | Gained mutation: You tend to lose your temper in combat. [potion of mutation]
 21170 | Lair:7   | Received a gift from Okawaru
 22072 | Lair:8   | Entered Level 8 of the Lair of Beasts
 22247 | Lair:8   | Received a gift from Okawaru
 22469 | Lair:8   | Found a viscous altar of Jiyva.
 22470 | Lair:8   | Found a staircase to the Slime Pits.
 22759 | Lair:8   | Received a gift from Okawaru
 22759 | Lair:8   | Reached skill level 10 in Maces & Flails
 22777 | Lair:8   | Got a transparent shield {god gift}
 22833 | Lair:8   | Identified the +0 shield of Judap {rF+} (Okawaru gifted it to you on level 8 of the Lair of Beasts)
 22929 | Lair:8   | Found a burning altar of Makhleb.
 22948 | Lair:8   | Reached skill level 13 in Fighting
 22961 | Lair:8   | Reached XP level 15. HP: 74/123 MP: 20/20
 22969 | Lair:8   | Found a gateway to Hell.
 23756 | Spider:1 | Entered Level 1 of the Spider Nest
 24358 | Spider:2 | Received a gift from Okawaru
 24380 | Spider:2 | Got a polished eveningstar {god gift}
 24381 | Spider:2 | Identified the +7 eveningstar "Ravvy" {freeze, rPois Str+2} (Okawaru gifted it to you on level 2 of the Spider Nest)
 24400 | Spider:2 | Noticed Asterion
 24429 | Spider:2 | Killed Asterion
 24459 | Spider:2 | Got an encrusted shield
 24734 | Spider:2 | Identified the +1 shield "Kiytheuv" {Regen+} (You took it off Asterion on level 2 of the Spider Nest)
 25330 | Spider:3 | Noticed Mara
 25345 | Spider:3 | Noticed cmdexe's illusion
 25601 | Spider:3 | Noticed cmdexe's illusion
 25602 | Spider:3 | Killed Mara
 25602 | Spider:3 | Received a gift from Okawaru
 25602 | Spider:3 | Reached skill level 10 in Armour
 26450 | Spider:3 | Gained mutation: Your magical and physical power is slightly enhanced at high health. [demonic ancestry]
 26450 | Spider:3 | Reached XP level 16. HP: 119/132 MP: 22/22
 26607 | Spider:3 | Reached skill level 14 in Fighting
 26608 | Spider:3 | Gained mutation: You can spit weak poison. [potion of mutation]
 26608 | Spider:3 | Gained mutation: You are very dopey. (Int -4) [potion of mutation]
 26608 | Spider:3 | Gained mutation: Your muscles are strong. (Str +2) [potion of mutation]
 26711 | Spider:4 | Entered Level 4 of the Spider Nest
 26758 | Spider:4 | Found a frozen archway.
 26766 | IceCv    | Entered an ice cave
 27171 | IceCv    | Noticed an Ice Fiend
 27187 | IceCv    | Killed an Ice Fiend
 27233 | IceCv    | Received a gift from Okawaru
 27257 | IceCv    | Got an ebony morningstar
 27272 | IceCv    | Got a fine plate armour {god gift}
 27276 | IceCv    | Identified the +7 morningstar "Ewivuk" {crush, rElec rF+ rC- MR+} (You found it in an ice cave)
 27288 | IceCv    | Identified the +2 plate armour "Pucrelilye" {rF- Int+3} (Okawaru gifted it to you in an ice cave)
 28097 | Spider:4 | Noticed hadoken's ghost (adept DECj)
 28128 | Spider:4 | Killed hadoken's ghost
 28425 | Spider:4 | HP: 5/134 [emperor scorpion (6)]
 28425 | Spider:4 | Slain by an emperor scorpion

Action                   |  1- 3 |  4- 6 |  7- 9 | 10-12 | 13-15 | 16-18 || total
-------------------------+-------+-------+-------+-------+-------+-------++-------
Melee: War axe           |   102 |   214 |   445 |   763 |       |       ||  1524
       Great mace        |       |       |       |   274 |   359 |       ||   633
       Demon whip        |       |       |       |       |  1088 |   488 ||  1576
       Eveningstar       |       |       |       |       |    66 |       ||    66
Invok: Heroism           |       |       |       |     2 |     3 |       ||     5
Evoke: Wand              |       |       |     1 |     1 |     3 |       ||     5
       Rod               |       |       |       |       |     3 |       ||     3
  Use: Scroll            |     3 |     4 |     6 |    10 |    27 |     5 ||    55
       Potion            |       |     1 |     2 |     5 |     6 |     4 ||    18
 Stab: Distracted        |       |       |     4 |     5 |    10 |     3 ||    22
  Eat: Chunk             |       |     2 |    12 |    22 |    27 |     3 ||    66
       Bread ration      |       |     2 |     1 |     3 |     2 |     1 ||     9
       Fruit             |       |       |       |     2 |     5 |     4 ||    11
       Beef jerky        |       |       |       |     2 |     2 |       ||     4
       Meat ration       |       |       |       |       |     2 |     1 ||     3
       Pizza             |       |       |       |       |     1 |       ||     1
